[Event "Centenario Panaderia Pulido 2023"]
[Site "San Mateo Gran Canaria"]
[Date "2023.12.06"]
[Round "5.9"]
[White "Rivero Reyes, Alejandro"]
[Black "Hernando Rodrigo, Jose Maria"]
[Result "0-1"]
[ECO "B01"]
[WhiteElo "1689"]
[BlackElo "2278"]
[Annotator "RC"]
[PlyCount "50"]
[EventDate "2023.12.04"]
[EventType "swiss"]
[EventCountry "ESP"]
[SourceTitle "playchess.com"]
[Source "ChessBase"]
[SourceQuality "1"]
[TimeControl "5400+30"]

1. e4 d5 2. exd5 Qxd5 3. Nc3 Qa5 4. Nf3 Nf6 5. g3 Bg4 6. Bg2 e6 7. O-O Qh5 8. Qe2 Nc6 9. Qe3 Be7 10. Ng5 Bf5 11. f3 Bxc2 12. d4 Rd8 13. Qf2 Nxd4 14. Be3 Bd3 15. Rfd1 Nc2 16. Rac1 Nxe3 17. Qxe3 Ng4 18. fxg4 Qxg5 19. Qf3 Bc5+ 20. Kh1 Be3 21. h4 h5 22. Qxb7 hxg4 23. Bc6+ Kf8 24. Kg2 Rxh4 25. Rh1 Rh3 0-1

[Event "Centenario Panaderia Pulido 2023"]
[Site "San Mateo Gran Canaria"]
[Date "2023.12.06"]
[Round "5.10"]
[White "Garbezza, Davide"]
[Black "Moreno Diepa, Diego"]
[Result "1/2-1/2"]
[ECO "A08"]
[WhiteElo "1860"]
[BlackElo "2138"]
[Annotator "RC"]
[PlyCount "141"]
[EventDate "2023.12.04"]
[EventType "swiss"]
[EventCountry "ESP"]
[SourceTitle "playchess.com"]
[Source "ChessBase"]
[SourceQuality "1"]
[TimeControl "5400+30"]

1. Nf3 Nf6 2. b3 d5 3. Bb2 Bf5 4. d3 c5 5. g3 Nc6 6. Bg2 e6 7. Nbd2 h6 8. O-O Be7 9. Re1 O-O 10. e4 Bh7 11. exd5 Nxd5 12. Ne5 Nxe5 13. Bxe5 Bf6 14. c4 Nb4 15. Bxb7 Nxd3 16. Bxa8 Bxe5 17. Rxe5 Nxe5 18. Be4 Bxe4 19. Nxe4 Qa8 20. Qe2 Rd8 21. f4 Rd4 22. fxe5 Qxe4 23. Qxe4 Rxe4 24. Kf2 Rd4 25. Ke3 Kh7 26. Rc1 a5 27. a3 Rd8 28. b4 axb4 29. axb4 cxb4 30. Rb1 Kg6 31. Rxb4 Kf5 32. Rb7 Kxe5 33. Rxf7 g5 34. h4 gxh4 35. gxh4 Rd4 36. c5 Rxh4 37. c6 Rc4 38. c7 Kd6 39. Rh7 Rxc7 40. Rxh6 Kd5 41. Rh8 Rc3+ 42. Kd2 Ra3 43. Rh5+ e5 44. Rh8 Kd4 45. Rd8+ Ke4 46. Re8 Rh3 47. Ra8 Rh2+ 48. Ke1 Ke3 49. Ra3+ Kf4 50. Kf1 e4 51. Ke1 Rh1+ 52. Ke2 Rb1 53. Kf2 Rd1 54. Ke2 Rh1 55. Kf2 Rh7 56. Ke2 Rd7 57. Kf2 Rd3 58. Ra8 Rd2+ 59. Ke1 Ke3 60. Rh8 Ra2 61. Rh3+ Kd4 62. Kd1 Rf2 63. Ra3 Rf3 64. Ra8 Ke3 65. Ke1 Rf7 66. Ra3+ Kf4 67. Ke2 Rh7 68. Kf2 e3+ 69. Rxe3 Rh2+ 70. Kg1 Kxe3 71. Kxh2 1/2-1/2

[Event "Centenario Panaderia Pulido 2023"]
[Site "San Mateo Gran Canaria"]
[Date "2023.12.06"]
[Round "5.11"]
[White "Camino Carrio, Nicanor"]
[Black "Basualdo De Ornelas, Jorge"]
[Result "1/2-1/2"]
[ECO "B13"]
[WhiteElo "1948"]
[BlackElo "1624"]
[Annotator "RC"]
[PlyCount "66"]
[EventDate "2023.12.04"]
[EventType "swiss"]
[EventCountry "ESP"]
[SourceTitle "playchess.com"]
[Source "ChessBase"]
[SourceQuality "1"]
[TimeControl "5400+30"]

1. d4 d5 2. Bf4 c5 3. e3 Nc6 4. Nf3 cxd4 5. exd4 Bg4 6. Nc3 a6 7. Be2 Nf6 8. O-O e6 9. h3 Bf5 10. Bd3 Bxd3 11. Qxd3 Be7 12. Ne5 Nxe5 13. Bxe5 Bd6 14. Qg3 Bxe5 15. dxe5 Nh5 16. Qg4 g6 17. Rad1 Qe7 18. Qa4+ Qd7 19. Qd4 Rd8 20. Qe3 d4 21. Qe4 Ng7 22. Ne2 Nf5 23. g4 Nh4 24. f3 Qa4 25. a3 O-O 26. Rxd4 Qb5 27. Qd3 Rxd4 28. Qxb5 Nxf3+ 29. Rxf3 Rd1+ 30. Kf2 axb5 31. Ke3 Rd5 32. Ke4 Rfd8 33. c3 Rc8 1/2-1/2

[Event "Centenario Panaderia Pulido 2023"]
[Site "San Mateo Gran Canaria"]
[Date "2023.12.06"]
[Round "5.12"]
[White "Cruz Pino, Adrian"]
[Black "Garcia Rodriguez, Adriana"]
[Result "0-1"]
[ECO "C00"]
[WhiteElo "2048"]
[BlackElo "1659"]
[Annotator "RC"]
[PlyCount "96"]
[EventDate "2023.12.04"]
[EventType "swiss"]
[EventCountry "ESP"]
[SourceTitle "playchess.com"]
[Source "ChessBase"]
[SourceQuality "1"]
[TimeControl "5400+30"]

1. Nf3 d5 2. g3 c5 3. Bg2 Nf6 4. d3 e6 5. O-O Be7 6. Nbd2 O-O 7. e4 Nc6 8. e5 Nd7 9. Re1 Qc7 10. Qe2 b6 11. Nf1 Bb7 12. h4 d4 13. Bf4 Nb4 14. N1h2 Nd5 15. Bd2 Rac8 16. Ng4 b5 17. Ng5 c4 18. Qe4 Bxg5 19. Bxg5 Qb6 20. Qe2 Nb4 21. Bxb7 Qxb7 22. Be7 cxd3 23. cxd3 Nc2 24. Bxf8 Nxe1 25. Rxe1 Kxf8 26. Qd2 Qd5 27. Qb4+ Qc5 28. Qxc5+ Rxc5 29. Re4 h5 30. Nh2 Nxe5 31. Rxd4 Rc2 32. Rb4 a6 33. Rb3 Rd2 34. f4 Nxd3 35. Nf3 Rd1+ 36. Kg2 Nc5 37. Rc3 Rd5 38. b4 Nd3 39. a3 Rd6 40. Rc7 f6 41. Ra7 Nb2 42. Rc7 Nc4 43. a4 Ne3+ 44. Kf2 Nd1+ 45. Ke2 bxa4 46. Nd2 Nb2 47. Ne4 Rb6 48. Nc5 Kg8 0-1

[Event "Centenario Panaderia Pulido 2023"]
[Site "San Mateo Gran Canaria"]
[Date "2023.12.06"]
[Round "5.13"]
[White "Rivero Pena, Himar"]
[Black "Bergero, Simone"]
[Result "0-1"]
[ECO "B33"]
[WhiteElo "1594"]
[BlackElo "2010"]
[Annotator "RC"]
[PlyCount "56"]
[EventDate "2023.12.04"]
[EventType "swiss"]
[EventCountry "ESP"]
[SourceTitle "playchess.com"]
[Source "ChessBase"]
[SourceQuality "1"]
[TimeControl "5400+30"]

1. e4 c5 2. Nf3 Nc6 3. d4 cxd4 4. Nxd4 e5 5. Ne2 Nf6 6. Nbc3 Bb4 7. Bd2 O-O 8. g3 d5 9. exd5 Nxd5 10. Bg2 Nb6 11. b3 Bg4 12. f3 Bf5 13. O-O Nd4 14. Ne4 Bxd2 15. Qxd2 Bxe4 16. Nxd4 Bg6 17. f4 Qxd4+ 18. Qxd4 exd4 19. f5 Bh5 20. Rf4 f6 21. g4 Bf7 22. Rxd4 Rfd8 23. Rad1 Rxd4 24. Rxd4 Rb8 25. c4 Be8 26. c5 Nd7 27. Rc4 Ne5 28. Rb4 Bc6 0-1

[Event "Centenario Panaderia Pulido 2023"]
[Site "San Mateo Gran Canaria"]
[Date "2023.12.06"]
[Round "5.14"]
[White "Almenares Garcia, Mario Adrian"]
[Black "Mesa Rodriguez, Antonio"]
[Result "1-0"]
[ECO "E90"]
[WhiteElo "2000"]
[BlackElo "1384"]
[Annotator "RC"]
[PlyCount "138"]
[EventDate "2023.12.04"]
[EventType "swiss"]
[EventCountry "ESP"]
[SourceTitle "playchess.com"]
[Source "ChessBase"]
[SourceQuality "1"]
[TimeControl "5400+30"]

1. d4 Nf6 2. c4 g6 3. Nc3 Bg7 4. Nf3 O-O 5. e4 d6 6. Be3 Nbd7 7. h3 e5 8. d5 Ne8 9. Qd2 f5 10. Bg5 Ndf6 11. Bd3 f4 12. g4 h6 13. Bxf6 Bxf6 14. O-O-O Bd7 15. Rdg1 Bg7 16. Kb1 Rb8 17. Qe2 c6 18. Nd2 c5 19. Bc2 Nc7 20. Nb5 Nxb5 21. cxb5 Qb6 22. a4 a6 23. Nc4 Qd8 24. b6 Be8 25. f3 Rf7 26. h4 Bf8 27. Bb3 Rg7 28. Qc2 Be7 29. g5 h5 30. a5 Kh7 31. Ba4 Kh8 32. Rc1 Ra8 33. Rh2 Bb5 34. Bb3 Kh7 35. Ba2 Qe8 36. Na3 Bd7 37. Qc3 Rc8 38. b4 Rg8 39. Rhc2 Ba4 40. Bb3 Qd7 41. Kb2 cxb4 42. Qxb4 Bxb3 43. Qxb3 Rc5 44. Rxc5 dxc5 45. Nc4 Bd6 46. Ka3 Re8 47. Qa4 Qxa4+ 48. Kxa4 Bf8 49. Rd1 Kg8 50. Kb3 Kf7 51. d6 Ke6 52. Rd5 Rd8 53. Rxe5+ Kf7 54. Rxc5 Bxd6 55. Nxd6+ Rxd6 56. Rd5 Re6 57. Rd7+ Re7 58. Rxe7+ Kxe7 59. Kc4 Kd6 60. Kd4 Ke6 61. e5 Kf5 62. e6 Kxe6 63. Ke4 Kd6 64. Kxf4 Kd5 65. Ke3 Ke5 66. f4+ Kf5 67. Kf3 Ke6 68. Ke4 Kf7 69. f5 Kg8 1-0

[Event "Centenario Panaderia Pulido 2023"]
[Site "San Mateo Gran Canaria"]
[Date "2023.12.06"]
[Round "5.15"]
[White "Guerrero Orihuela, Jose Luis"]
[Black "Monteiro Rodrigues, Carlos"]
[Result "1-0"]
[ECO "D08"]
[WhiteElo "1901"]
[BlackElo "1366"]
[Annotator "RC"]
[PlyCount "27"]
[EventDate "2023.12.04"]
[EventType "swiss"]
[EventCountry "ESP"]
[SourceTitle "playchess.com"]
[Source "ChessBase"]
[SourceQuality "1"]
[TimeControl "5400+30"]

1. d4 d5 2. c4 e5 3. dxe5 d4 4. Nf3 Bc5 5. a3 Bg4 6. b4 Bxf3 7. gxf3 Be7 8. e3 Nc6 9. Bb2 dxe3 10. Qxd8+ Rxd8 11. fxe3 Bh4+ 12. Ke2 Nxe5 13. Bxe5 f6 14. Bc3 1-0

[Event "Centenario Panaderia Pulido 2023"]
[Site "San Mateo Gran Canaria"]
[Date "2023.12.08"]
[Round "6.1"]
[White "Korneev, Oleg"]
[Black "Gimenez Menchon, Cesar"]
[Result "1-0"]
[ECO "C41"]
[WhiteElo "2470"]
[BlackElo "2088"]
[Annotator "RC"]
[PlyCount "115"]
[EventDate "2023.12.04"]
[EventType "swiss"]
[EventCountry "ESP"]
[SourceTitle "playchess.com"]
[Source "ChessBase"]
[SourceQuality "1"]
[TimeControl "5400+30"]

1. e4 d6 2. d4 Nf6 3. Nc3 e5 4. Nf3 Nbd7 5. Bc4 Be7 6. O-O O-O 7. Re1 c6 8. a4 h6 9. h3 Re8 10. a5 Qc7 11. Be3 exd4 12. Nxd4 Bf8 13. Bf4 Rb8 14. Bg3 b5 15. axb6 axb6 16. b4 b5 17. Bb3 Ne5 18. Rb1 Bb7 19. Kh1 Rbd8 20. f4 Ng6 21. Qf3 Qc8 22. Ba2 Qa8 23. Ra1 Qc8 24. Bh2 d5 25. e5 Bxb4 26. exf6 Rxe1+ 27. Rxe1 c5 28. Ndxb5 d4 29. Qg3 c4 30. f5 Qxf5 31. Bxc4 dxc3 32. Rf1 Qxc2 33. Bxf7+ Kh7 34. fxg7 Kxg7 35. Bxg6 Bxg2+ 36. Qxg2 Qxg2+ 37. Kxg2 Rd2+ 38. Rf2 Kxg6 39. Bf4 Rb2 40. Be5 Rxf2+ 41. Kxf2 c2 42. Bf4 Be7 43. Nc3 Kh5 44. Ne2 Kh4 45. Kg2 Bg5 46. Bg3+ Kh5 47. Nf4+ Bxf4 48. Bxf4 Kg6 49. Kg3 Kh5 50. Bc1 Kg6 51. Kg4 Kg7 52. Kh5 Kh7 53. Bxh6 Kg8 54. Kg6 Kh8 55. h4 Kg8 56. h5 Kh8 57. Bg7+ Kg8 58. h6 1-0

[Event "Centenario Panaderia Pulido 2023"]
[Site "San Mateo Gran Canaria"]
[Date "2023.12.07"]
[Round "6.2"]
[White "Doluhanova, Evgeniya"]
[Black "Strikovic, Aleksa"]
[Result "1/2-1/2"]
[ECO "B44"]
[WhiteElo "2177"]
[BlackElo "2455"]
[Annotator "RC"]
[PlyCount "34"]
[EventDate "2023.12.04"]
[EventType "swiss"]
[EventCountry "ESP"]
[SourceTitle "playchess.com"]
[Source "ChessBase"]
[SourceQuality "1"]
[TimeControl "5400+30"]

1. c4 c5 2. Nf3 Nf6 3. Nc3 e6 4. d4 cxd4 5. Nxd4 Nc6 6. e4 Bb4 7. Nxc6 bxc6 8. Bd3 e5 9. O-O O-O 10. Bd2 d6 11. a3 Bc5 12. b4 Bd4 13. h3 Be6 14. Rc1 d5 15. cxd5 cxd5 16. Bg5 Bxc3 17. Rxc3 dxe4 1/2-1/2

[Event "Centenario Panaderia Pulido 2023"]
[Site "San Mateo Gran Canaria"]
[Date "2023.12.07"]
[Round "6.3"]
[White "Hernandez Leon, Alberto"]
[Black "Kurajica, Bojan"]
[Result "0-1"]
[ECO "E16"]
[WhiteElo "2209"]
[BlackElo "2446"]
[Annotator "RC"]
[PlyCount "84"]
[EventDate "2023.12.04"]
[EventType "swiss"]
[EventCountry "ESP"]
[SourceTitle "playchess.com"]
[Source "ChessBase"]
[SourceQuality "1"]
[TimeControl "5400+30"]

1. d4 Nf6 2. c4 b6 3. Nf3 Bb7 4. g3 e6 5. Bg2 Bb4+ 6. Bd2 a5 7. O-O d5 8. a3 Bxd2 9. Nbxd2 a4 10. Qc2 O-O 11. Rac1 Nc6 12. Rfd1 Ra5 13. e4 dxe4 14. Nxe4 Nxe4 15. Qxe4 Qf6 16. Ne5 Nxd4 17. Qxd4 Rxe5 18. Rd2 Bxg2 19. f4 Rc5 20. Qxf6 gxf6 21. Kxg2 Rb8 22. Rd3 Kf8 23. Kf3 Ke7 24. Ke3 h5 25. Rcc3 h4 26. Rd4 hxg3 27. hxg3 e5 28. Rd5 c6 29. Rd2 Ke6 30. Kf3 b5 31. Rcd3 bxc4 32. Rd6+ Ke7 33. Rd7+ Kf8 34. Ra7 Rd5 35. Rh2 Kg7 36. fxe5 fxe5 37. Ke4 Kg6 38. g4 f6 39. Rhh7 Rd4+ 40. Ke3 Rb3+ 41. Ke2 Rxb2+ 42. Kf3 Rd3+ 0-1

[Event "Centenario Panaderia Pulido 2023"]
[Site "San Mateo Gran Canaria"]
[Date "2023.12.07"]
[Round "6.4"]
[White "Uzcategui Rodriguez, Alejandro"]
[Black "Larino Nieto, David"]
[Result "0-1"]
[ECO "C01"]
[WhiteElo "2235"]
[BlackElo "2366"]
[Annotator "RC"]
[PlyCount "70"]
[EventDate "2023.12.04"]
[EventType "swiss"]
[EventCountry "ESP"]
[SourceTitle "playchess.com"]
[Source "ChessBase"]
[SourceQuality "1"]
[TimeControl "5400+30"]

1. d4 d6 2. Nf3 e6 3. e4 h6 4. c4 g5 5. Bd3 Bg7 6. h3 Ne7 7. Nc3 O-O 8. Be3 f5 9. Qe2 f4 10. Bd2 Nbc6 11. e5 Nf5 12. O-O-O Ncxd4 13. Nxd4 Nxd4 14. Qe4 Nf5 15. g4 Nh4 16. f3 Rf7 17. Be1 Bxe5 18. Bxh4 Bxc3 19. bxc3 gxh4 20. g5 hxg5 21. Qg6+ Rg7 22. Qh6 Kf7 23. Qh5+ Ke7 24. Bg6 Qf8 25. Rhg1 Qf6 26. Rxg5 Bd7 27. Rdg1 Rag8 28. Kb2 Be8 29. R5g4 Rxg6 30. Qa5 Rxg4 31. Qxc7+ Bd7 32. hxg4 Rc8 33. Qxb7 Rxc4 34. Qb3 Rc5 35. g5 Rxg5 0-1

[Event "Centenario Panaderia Pulido 2023"]
[Site "San Mateo Gran Canaria"]
[Date "2023.12.07"]
[Round "6.5"]
[White "Yao, Stefano"]
[Black "Mamani Beltran, Deniman"]
[Result "1-0"]
[ECO "D63"]
[WhiteElo "2288"]
[BlackElo "2151"]
[Annotator "RC"]
[PlyCount "49"]
[EventDate "2023.12.04"]
[EventType "swiss"]
[EventCountry "ESP"]
[SourceTitle "playchess.com"]
[Source "ChessBase"]
[SourceQuality "1"]
[TimeControl "5400+30"]

1. d4 d5 2. c4 e6 3. Nf3 Nf6 4. Nc3 Be7 5. Bg5 O-O 6. e3 a6 7. Rc1 Nbd7 8. c5 c6 9. Bd3 b6 10. cxb6 Qxb6 11. Qc2 h6 12. Bxf6 Nxf6 13. O-O Bd7 14. Na4 Qb8 15. Ne5 Rc8 16. f4 Be8 17. Rf2 Bd6 18. Nc5 Qb6 19. h3 Bxe5 20. fxe5 Nd7 21. Bh7+ Kf8 22. Nxe6+ Ke7 23. Nxg7 c5 24. Nf5+ Kd8 25. Nd6 1-0

[Event "Centenario Panaderia Pulido 2023"]
[Site "San Mateo Gran Canaria"]
[Date "2023.12.07"]
[Round "6.6"]
[White "Hernando Rodrigo, Jose Maria"]
[Black "Hernandez Leon, Sergio"]
[Result "1/2-1/2"]
[ECO "E13"]
[WhiteElo "2278"]
[BlackElo "2167"]
[Annotator "RC"]
[PlyCount "85"]
[EventDate "2023.12.04"]
[EventType "swiss"]
[EventCountry "ESP"]
[SourceTitle "playchess.com"]
[Source "ChessBase"]
[SourceQuality "1"]
[TimeControl "5400+30"]

1. d4 Nf6 2. c4 e6 3. Nc3 Bb4 4. Bg5 h6 5. Bh4 b6 6. e3 Bb7 7. Nf3 O-O 8. Rc1 Be7 9. Bd3 c5 10. O-O cxd4 11. exd4 d5 12. Qe2 Nc6 13. cxd5 exd5 14. Rfe1 Re8 15. Bxf6 Bxf6 16. Qxe8+ Qxe8 17. Rxe8+ Rxe8 18. Nxd5 Bg5 19. Nxg5 hxg5 20. Bb5 Nxd4 21. Bxe8 Ne2+ 22. Kf1 Nxc1 23. Nc3 Ba6+ 24. Bb5 Bxb5+ 25. Nxb5 Nxa2 26. Nxa7 Nc1 27. b4 Kf8 28. b5 Ke8 29. Ke1 Kd7 30. Kd2 Nb3+ 31. Kc3 Nc5 32. Kd4 f6 33. f3 g6 34. Kc4 Ne6 35. Nc6 Kd6 36. Nb4 Nc7 37. Na6 Nd5 38. Kd4 Ne7 39. g3 Kd7 40. g4 Kd6 41. Nb4 Ke6 42. Nd3 Nc8 43. Nb2 1/2-1/2

[Event "Centenario Panaderia Pulido 2023"]
[Site "San Mateo Gran Canaria"]
[Date "2023.12.07"]
[Round "6.7"]
[White "Gonzalez Martinez, Miguel Angel"]
[Black "Calzetta Ruiz, Monica"]
[Result "0-1"]
[ECO "B21"]
[WhiteElo "2158"]
[BlackElo "2239"]
[Annotator "RC"]
[PlyCount "98"]
[EventDate "2023.12.04"]
[EventType "swiss"]
[EventCountry "ESP"]
[SourceTitle "playchess.com"]
[Source "ChessBase"]
[SourceQuality "1"]
[TimeControl "5400+30"]

1. e4 c5 2. d4 cxd4 3. c3 d3 4. Bxd3 Nc6 5. c4 g6 6. Nc3 Bg7 7. Nge2 Nf6 8. O-O d6 9. f3 O-O 10. Be3 Nd7 11. Rc1 Nde5 12. b3 b6 13. Bb1 Bb7 14. Qd2 Qd7 15. Bh6 Rfd8 16. Rcd1 Qe8 17. Nd5 Rac8 18. Bxg7 Kxg7 19. f4 Nd7 20. f5 Nce5 21. Nd4 Bxd5 22. exd5 Nf6 23. fxg6 hxg6 24. Rde1 Qh8 25. Qg5 Qh5 26. Nf5+ Kf8 27. Qxh5 Nxh5 28. Nd4 Nf6 29. Rxe5 dxe5 30. Nc6 Rxc6 31. dxc6 Rc8 32. Re1 Rxc6 33. Rxe5 Rd6 34. Re1 Rd2 35. Kf1 Rb2 36. Kg1 a5 37. Rd1 e6 38. h3 Ke7 39. Kh2 Nh5 40. Rf1 f5 41. h4 Kf6 42. Kh3 e5 43. g3 Ke6 44. Re1 Nf6 45. g4 Nxg4 46. Kg3 Nf6 47. Rd1 Nh5+ 48. Kh3 Nf4+ 49. Kg3 Ne2+ 0-1

[Event "Centenario Panaderia Pulido 2023"]
[Site "San Mateo Gran Canaria"]
[Date "2023.12.07"]
[Round "6.8"]
[White "Medina Martin, Alberto"]
[Black "Oudeh Mishmesh, Omar"]
[Result "0-1"]
[ECO "E20"]
[WhiteElo "2105"]
[BlackElo "2247"]
[Annotator "RC"]
[PlyCount "122"]
[EventDate "2023.12.04"]
[EventType "swiss"]
[EventCountry "ESP"]
[SourceTitle "playchess.com"]
[Source "ChessBase"]
[SourceQuality "1"]
[TimeControl "5400+30"]

1. d4 Nf6 2. c4 e6 3. Nc3 Bb4 4. f3 Ba5 5. e4 d5 6. e5 Nfd7 7. cxd5 exd5 8. f4 c5 9. Nf3 Nc6 10. Be3 cxd4 11. Nxd4 O-O 12. Bd3 Bb6 13. Nce2 Re8 14. O-O f6 15. e6 Nf8 16. f5 Bxe6 17. fxe6 Nxe6 18. Bb5 Nexd4 19. Bxd4 Nxd4 20. Bxe8 Nc2+ 21. Kh1 Ne3 22. Qd3 Nxf1 23. Rxf1 Qxe8 24. Qxd5+ Qf7 25. Rd1 Qxd5 26. Rxd5 Re8 27. Rd2 Kf7 28. g3 Rd8 29. Rc2 Ke6 30. Nf4+ Kf5 31. Kg2 g5 32. Ne2 h5 33. Nc3 Rd3 34. Na4 Bd4 35. Nc5 Bxc5 36. Rxc5+ Ke4 37. Rb5 Rd2+ 38. Kg1 b6 39. Rb3 Rd3 40. Rb5 Rd5 41. Rb3 Rd2 42. Rb5 Kf3 43. Rb3+ Kg4 44. h4 gxh4 45. gxh4 Kxh4 46. Ra3 Rxb2 47. Rxa7 f5 48. a4 f4 49. a5 bxa5 50. Rxa5 Kg4 51. Ra8 h4 52. Rg8+ Kf3 53. Rh8 Rg2+ 54. Kf1 Rg4 55. Ra8 Kg3 56. Ra3+ f3 57. Ra8 h3 58. Kg1 f2+ 59. Kf1 h2 60. Rh8 h1=Q+ 61. Rxh1 Re4 0-1

[Event "Centenario Panaderia Pulido 2023"]
[Site "San Mateo Gran Canaria"]
[Date "2023.12.07"]
[Round "6.9"]
[White "Estremera Panos, Sergio"]
[Black "Ramirez Maillo, Juan Adonay"]
[Result "1-0"]
[ECO "A77"]
[WhiteElo "2232"]
[BlackElo "1857"]
[Annotator "RC"]
[PlyCount "51"]
[EventDate "2023.12.04"]
[EventType "swiss"]
[EventCountry "ESP"]
[SourceTitle "playchess.com"]
[Source "ChessBase"]
[SourceQuality "1"]
[TimeControl "5400+30"]

1. d4 Nf6 2. c4 g6 3. Nc3 Bg7 4. e4 d6 5. Nf3 O-O 6. Be2 c5 7. d5 e6 8. Nd2 exd5 9. cxd5 Re8 10. O-O a6 11. a4 Nbd7 12. Re1 Rb8 13. h3 Qc7 14. Qc2 c4 15. a5 Nc5 16. Bxc4 Bf5 17. Bd3 Qd7 18. Re3 Bh6 19. exf5 Bxe3 20. fxe3 Nxd3 21. Qxd3 Qxf5 22. Qxf5 gxf5 23. Nc4 Ne4 24. Nxe4 Rxe4 25. b3 f4 26. Nxd6 1-0

[Event "Centenario Panaderia Pulido 2023"]
[Site "San Mateo Gran Canaria"]
[Date "2023.12.07"]
[Round "6.10"]
[White "Moreno Diepa, Diego"]
[Black "Sanchez Gonzalez, Diego"]
[Result "1-0"]
[ECO "B90"]
[WhiteElo "2138"]
[BlackElo "1858"]
[Annotator "RC"]
[PlyCount "95"]
[EventDate "2023.12.04"]
[EventType "swiss"]
[EventCountry "ESP"]
[SourceTitle "playchess.com"]
[Source "ChessBase"]
[SourceQuality "1"]
[TimeControl "5400+30"]

1. e4 c5 2. Nc3 d6 3. d4 cxd4 4. Qxd4 e5 5. Qd1 Nf6 6. Nf3 a6 7. Bc4 Be7 8. O-O Nbd7 9. a3 Nc5 10. Be3 Qc7 11. h3 h6 12. Nd5 Nxd5 13. Bxd5 O-O 14. c4 Kh8 15. b4 Nd7 16. Qd2 Kh7 17. Rac1 a5 18. c5 dxc5 19. bxc5 Ra6 20. Qb2 Rg6 21. Kh1 Kg8 22. Rfd1 Re8 23. Qb5 Rd8 24. Bd2 Bxc5 25. Bxa5 b6 26. Bb4 Rf6 27. a4 Kh7 28. a5 Qb8 29. Bxc5 Nxc5 30. Rxc5 Ba6 31. Qxa6 bxc5 32. Qc4 Qd6 33. Rb1 Qc7 34. Ra1 Rdd6 35. a6 Qa7 36. Bb7 Rb6 37. Qc3 c4 38. Qxe5 Rb3 39. Qd4 Rfb6 40. Rc1 Rb1 41. Rxb1 Rxb1+ 42. Kh2 Qb8+ 43. e5 Rb4 44. Be4+ f5 45. a7 Qc7 46. a8=Q fxe4 47. Qaxe4+ Kh8 48. Qd6 1-0

[Event "Centenario Panaderia Pulido 2023"]
[Site "San Mateo Gran Canaria"]
[Date "2023.12.07"]
[Round "6.11"]
[White "Bergero, Simone"]
[Black "Quiceno Ramirez, Edwin Alejandro"]
[Result "1-0"]
[ECO "D56"]
[WhiteElo "2010"]
[BlackElo "1777"]
[Annotator "RC"]
[PlyCount "61"]
[EventDate "2023.12.04"]
[EventType "swiss"]
[EventCountry "ESP"]
[SourceTitle "playchess.com"]
[Source "ChessBase"]
[SourceQuality "1"]
[TimeControl "5400+30"]

1. d4 d5 2. c4 e6 3. Nc3 Nf6 4. Bg5 Be7 5. e3 h6 6. Bh4 O-O 7. cxd5 Nxd5 8. Bxe7 Qxe7 9. Nf3 Nd7 10. Be2 Nxc3 11. bxc3 c5 12. O-O b6 13. a4 Bb7 14. a5 e5 15. a6 Bxf3 16. Bxf3 e4 17. Be2 Rfd8 18. Bb5 Ne5 19. Qc2 cxd4 20. exd4 Nf3+ 21. Kh1 Nxh2 22. Kxh2 Qh4+ 23. Kg1 Rd5 24. g3 Rg5 25. Bc6 Rf8 26. Qxe4 Qh3 27. Qg2 Qg4 28. Rfe1 Rg6 29. Re8 Rxe8 30. Bxe8 Qc8 31. Bxf7+ 1-0

[Event "Centenario Panaderia Pulido 2023"]
[Site "San Mateo Gran Canaria"]
[Date "2023.12.07"]
[Round "6.12"]
[White "Ramos Santana, Marcelino"]
[Black "Almenares Garcia, Mario Adrian"]
[Result "1-0"]
[ECO "B03"]
[WhiteElo "1830"]
[BlackElo "2000"]
[Annotator "RC"]
[PlyCount "155"]
[EventDate "2023.12.04"]
[EventType "swiss"]
[EventCountry "ESP"]
[SourceTitle "playchess.com"]
[Source "ChessBase"]
[SourceQuality "1"]
[TimeControl "5400+30"]

1. e4 Nf6 2. e5 Nd5 3. c4 Nb6 4. d4 d6 5. exd6 cxd6 6. Nc3 g6 7. Be3 Bg7 8. Rc1 O-O 9. b3 Nc6 10. d5 Ne5 11. Be2 Ned7 12. Nf3 Nf6 13. h3 Bf5 14. Nd4 Bc8 15. O-O Nbd7 16. Bd3 Nc5 17. Bb1 Qa5 18. Bd2 Qd8 19. Nf3 e5 20. dxe6 fxe6 21. Bg5 e5 22. Nb5 e4 23. Nfd4 a6 24. Nc3 h6 25. Bh4 g5 26. Bg3 g4 27. h4 Nh5 28. Nd5 Nxg3 29. fxg3 Rxf1+ 30. Kxf1 Qf8+ 31. Nf4 Be5 32. Nde2 Bf5 33. Kg1 Qf7 34. Qd2 Re8 35. Rf1 b5 36. cxb5 axb5 37. Nd5 Qh7 38. Qb4 Qd7 39. a4 bxa4 40. bxa4 Rf8 41. Nd4 Bg6 42. Rxf8+ Kxf8 43. a5 Qa7 44. Nc6 Qg7 45. Qb8+ Be8 46. Nc7 Qd7 47. Nxe5 dxe5 48. a6 Nxa6 49. Nxa6 e3 50. Qb4+ Kg7 51. Qe1 Qd4 52. Bc2 e2+ 53. Kh2 Bb5 54. Nb4 e4 55. Na2 e3 56. Qa5 Bd7 57. Nc1 Bb5 58. Qc7+ Kf8 59. Bg6 Qf6 60. Nxe2 Bxe2 61. Qc5+ Qe7 62. Qd4 Bc4 63. Qh8+ Bg8 64. Qxh6+ Qg7 65. Qf4+ Ke7 66. Qxe3+ Kf6 67. Qg5+ Ke6 68. Qxg4+ Kd6 69. Qb4+ Kc7 70. Qc5+ Kb7 71. Be4+ Ka6 72. Bd3+ Kb7 73. Qb5+ Kc7 74. Qa5+ Kd6 75. Qb6+ Kd5 76. Bc2 Kc4 77. Bb3+ Kd3 78. Qd8+ 1-0

[Event "Centenario Panaderia Pulido 2023"]
[Site "San Mateo Gran Canaria"]
[Date "2023.12.07"]
[Round "6.13"]
[White "Rivero Castellano, Carlos Jesus"]
[Black "Camino Carrio, Nicanor"]
[Result "0-1"]
[ECO "A48"]
[WhiteElo "1726"]
[BlackElo "1948"]
[Annotator "RC"]
[PlyCount "135"]
[EventDate "2023.12.04"]
[EventType "swiss"]
[EventCountry "ESP"]
[SourceTitle "playchess.com"]
[Source "ChessBase"]
[SourceQuality "1"]
[TimeControl "5400+30"]

1. d4 Nf6 2. Nf3 g6 3. e3 Bg7 4. Bd3 O-O 5. Nbd2 d6 6. O-O Nc6 7. c3 e5 8. e4 exd4 9. Nxd4 Ne5 10. Bc2 Nh5 11. f4 c5 12. fxe5 cxd4 13. cxd4 dxe5 14. d5 Bd7 15. Nb3 Rc8 16. Bd3 Qb6+ 17. Kh1 a5 18. Qe2 a4 19. Be3 Qd6 20. Na5 Nf4 21. Bxf4 exf4 22. Nc4 Qb4 23. a3 Qb3 24. e5 b5 25. Nb6 Rc7 26. d6 Rb7 27. Nxd7 Rxd7 28. Rf3 Qd5 29. Rd1 Qxe5 30. Qxe5 Bxe5 31. Bxb5 Rxd6 32. Rxd6 Bxd6 33. Bxa4 Rc8 34. Kg1 Bc5+ 35. Kf1 Be3 36. g3 g5 37. gxf4 gxf4 38. Kg2 Rd8 39. Kh3 Rd2 40. b3 Ra2 41. Rf1 Rxa3 42. Kg4 Ra2 43. h4 Kg7 44. Bb5 f5+ 45. Kh5 Kf6 46. Bc4 Rh2 47. Bd5 Ke5 48. Bg8 Kf6 49. Bd5 Rd2 50. Bg8 Rd7 51. Ra1 f3 52. Ra6+ Ke5 53. Re6+ Kf4 54. Rf6 f2 55. Bc4 Rd1 56. Kh6 Ke5+ 57. Kg7 f1=Q 58. Re6+ Kf4 59. Bxf1 Rxf1 60. h5 Rh1 61. Kxh7 Rxh5+ 62. Kg6 Rh2 63. Ra6 Rg2+ 64. Kf6 Bd4+ 65. Kf7 Rg7+ 66. Kf8 Rb7 67. Ra4 Ke3 68. Ke8 0-1